 Dungeon Crawl Stone Soup version 0.28-a0-895-g6e5f11bd55 (webtiles) character file.

Game seed: 14535609283944286756

915 mcbry74 the Spear-Bearer (level 8, -18/56 HPs)
             Began as a Merfolk Gladiator on Nov 22, 2021.
             Blown up by Pikel (20 damage)
             ... with a mindburst bolt
             ... on level 5 of the Dungeon.
             The game lasted 00:18:37 (5302 turns).

mcbry74 the Spear-Bearer (Merfolk Gladiator)        Turns: 5302, Time: 00:18:38

Health: -18/56     AC:  5    Str: 14    XL:     8   Next: 9%
Magic:  8/8        EV: 13    Int:  8    God:
Gold:   193        SH:  0    Dex: 17    Spells: 7/7 levels left

rFire   . . .      SeeInvis .   a - +0 trident
rCold   . . .      Faith    .   (no shield)
rNeg    . . .      Spirit   .   b - +0 leather armour
rPois   .          Reflect  .   c - +0 helmet
rElec   .          Harm     .   (no cloak)
rCorr   .          Rampage  .   (no gloves)
Will    .....                   n - +0 pair of boots
Stlth   +.........              (no amulet)
HPRegen 0.18/turn               q - ring of wizardry
MPRegen 0.11/turn               (no ring)

@: no status effects
A: (nimble swimmer 2), mertail
a: no special abilities


You were on level 5 of the Dungeon.
You visited 1 branch of the dungeon, and saw 5 of its levels.

You collected 193 gold pieces.

Inventory:

Hand Weapons
 a - a +0 trident (weapon)
Missiles
 d - 3 throwing nets
 k - 7 poisoned darts (quivered)
Armour
 b - a +0 leather armour (worn)
 c - a +0 helmet (worn)
 n - a +0 pair of boots (worn)
Jewellery
 f - a ring of fire
 q - a ring of wizardry (left hand)
Scrolls
 e - 2 scrolls of identify
 i - a scroll of fog
 l - a scroll of teleportation
 m - a scroll of amnesia
Potions
 h - 2 potions of cancellation
 j - 2 potions of curing
 o - 2 potions of brilliance


   Skills:
 - Level 2.1 Fighting
 + Level 12.7 Polearms
 - Level 2.0 Throwing
 - Level 4.0 Dodging
 + Level 2.7 Ice Magic


You had 7 spell levels left.
You didn't know any spells.
Your spell library contained the following spells:

 Spells                   Type           Power      Damage    Failure   Level
 Freeze                   Ice            16%        1d4       8%          1
 Frozen Ramparts          Ice            8%         1d2       21%         3
 Animate Skeleton         Necr           0%         N/A       22%         1
 Pain                     Necr           0%         1d4       22%         1
 Vampiric Draining        Necr           0%         2d6       52%         3
 Hailstorm                Conj/Ice       2%         3d3       75%         4


Dungeon Overview and Level Annotations

Branches:
Dungeon (5/15)
 Temple: D:4-7

Altars:
Cheibriados
Kikubaaqudgha

Annotations:
D:5 Pikel


Innate Abilities, Weirdness & Mutations

((You are quick and stealthy near water. (Stealth+, EV+, Speed+++)))
Your lower body shifts to a powerful aquatic tail in water.


Message History

The gnoll shaman hits you with a +1 whip of electrocution!
You barely miss the gnoll shaman.
The gnoll shaman is moderately wounded.
You hit the gnoll shaman.
The gnoll shaman is heavily wounded.
The gnoll shaman hits you with a +1 whip of electrocution.
You hit the gnoll shaman but do no damage.
The gnoll shaman is heavily wounded.
The gnoll shaman barely misses you.
You closely miss the gnoll shaman.
The gnoll shaman is heavily wounded.
You closely miss the gnoll shaman.
The gnoll shaman is heavily wounded.
The gnoll shaman closely misses you.
You hit the gnoll shaman.
The gnoll shaman is heavily wounded.
The gnoll shaman barely misses you.
You hit the gnoll shaman.
The gnoll shaman is severely wounded.
You are too injured to fight recklessly!
You are too injured to fight recklessly!
You hit the gnoll shaman.
The gnoll shaman is almost dead.
The gnoll shaman hits you with a +1 whip of electrocution.
You hit the gnoll shaman but do no damage.
The gnoll shaman is almost dead.
The gnoll shaman barely misses you.
You puncture the gnoll shaman!
You kill the gnoll shaman!
You are too injured to fight recklessly!
As you read the scroll of teleportation, it crumbles to dust.
You feel strangely unstable.
Your surroundings suddenly seem different.
An iguana and Pikel come into view.
Pikel is wielding a +1 whip of freezing and carrying a wand of mindburst (15).
Found a stone.
Pikel zaps a wand.
Your mind is blasted!
* * * LOW HITPOINT WARNING * * *
Pikel zaps a wand.
Your mind is blasted!
You die...

..........# #..##....
..........# ##.......#
.|........###........##
..........##.....K....#
.
..........##..........##
# #...........##
#.........#...
#.............l...D.
#.<@.....######:####
#........########
#................
#.........######. .
#>........# #
##.......## ##.....##
#######


You could see Pikel.

Vanquished Creatures
  A black bear (D:4)
  The ghost of Anon1729 the Ruffian, an amateur DrTm (D:2)
  4 lemures (D:5)
  An ogre (D:4)
  3 scorpions
  A water moccasin skeleton (D:4)
  4 hounds
  A jelly (D:5)
  A bullfrog skeleton (D:4)
  A gnoll shaman (D:5)
  An iguana (D:5)
  2 hound skeletons
  9 adders
  An ufetubus (D:4)
  3 dart slugs
  3 orcs
  6 endoplasms
  9 goblins
  6 hobgoblins
  7 jackals
  5 kobolds
  5 quokkas
  9 ball pythons
  4 bats
  5 frilled lizards
  5 rats
98 creatures vanquished.

Notes
Turn   | Place    | Note
-------+----------+-------------------------------------------
     0 | D:1      | mcbry74 the Merfolk Gladiator began the quest for the Orb.
     0 | D:1      | Reached XP level 1. HP: 16/16 MP: 1/1
    61 | D:1      | Reached skill level 5 in Polearms
   145 | D:1      | Reached XP level 2. HP: 22/22 MP: 2/2
   329 | D:1      | Found a faded altar of an unknown god.
   693 | D:2      | Reached skill level 6 in Polearms
   693 | D:2      | Reached XP level 3. HP: 25/27 MP: 3/3
  1101 | D:2      | Found an ancient bone altar of Kikubaaqudgha.
  1524 | D:2      | Reached XP level 4. HP: 31/33 MP: 4/4
  1585 | D:3      | Found a runed translucent door.
  1588 | D:3      | Noticed Anon1729's ghost (amateur DrTm)
  1608 | D:3      | Reached skill level 7 in Polearms
  2460 | D:3      | Reached skill level 8 in Polearms
  2460 | D:3      | Reached XP level 5. HP: 32/38 MP: 5/5
  2491 | D:2      | Killed Anon1729's ghost
  2492 | D:2      | Reached skill level 9 in Polearms
  2814 | D:4      | Reached XP level 6. HP: 44/44 MP: 6/6
  2892 | D:4      | Reached skill level 10 in Polearms
  3299 | D:4      | Noticed a black bear
  3338 | D:4      | Killed a black bear
  3339 | D:4      | Reached skill level 11 in Polearms
  3339 | D:4      | Reached XP level 7. HP: 7/50 MP: 7/7
  3914 | D:4      | Found a snail-covered altar of Cheibriados.
  4035 | D:4      | Reached skill level 12 in Polearms
  4258 | D:5      | Entered Level 5 of the Dungeon
  4279 | D:5      | Noticed a yak
  4288 | D:5      | Reached skill level 1 in Ice Magic
  5152 | D:5      | Reached XP level 8. HP: 43/56 MP: 8/8
  5298 | D:5      | Noticed Pikel
  5299 | D:5      | HP: 1/56 [disintegration (18)]
  5302 | D:5      | Blown up by Pikel

Illustrated notes

Levels and vault maps discovered:
D:1:      nzn_arrival_settlement, layout_basic,
          shapermc_ecumenical_altar_ellora, minmay_surrounded
D:2:      layout_loops_cross, basic_altar
D:3:      layout_loops_ring, ebering_ghost_sewer_d
D:4:      layout_rooms, mainiacjoe_overflow_small_starburst,
          minmay_splitting_lines
D:5:      layout_rooms, old_standard_altar,
          nicolae_uskayaw_murder_on_the_dancefloor,
          minmay_temple_entry_junction, minmay_manual_monolith, uniq_pikel

Skill      XL: |  1  2  3  4  5  6  7 |
---------------+----------------------+-----
Polearms       | 5 6 8 9 11 12 | 12.7
Ice Magic      | 2 |  2.7
Fighting       | |  2.1
Throwing       | |  2.0
Dodging        | |  4.0

Action                   |  1- 3 |  4- 6 |  7- 9 || total
-------------------------+-------+-------+-------++-------
Melee: Trident           |    95 |   142 |   217 ||   454
Throw: Dart              |     5 |    10 |     1 ||    16
  Use: Scroll            |       |       |     9 ||     9
 Stab: Sleeping          |     3 |     3 |     1 ||     7
Armor: Leather armour    |    15 |    27 |    33 ||    75
Dodge: Dodged            |    70 |    83 |    81 ||   234

Table legend: (Time is in decaauts)
 A = Elapsed time spent in this place.
 B = Non-inter-level travel time spent in this place.
 C = Inter-level travel time spent in this place.
 D = Time resting spent in this place.
 E = Time spent auto-exploring this place.
 F = Levels seen in this place.
 G = Mean time per level.
                   A        B        C        D        E       F      G
               +--------+--------+--------+--------+--------+-----+--------+
         Total |   5212 |   5064 |    148 |   1517 |   2635 |   5 | 1042.4 |
       Dungeon |   5212 |   5064 |    148 |   1517 |   2635 |   5 | 1042.4 |
               +--------+--------+--------+--------+--------+-----+--------+

Top non-repeatable levels by time:
     D:4: 1593 daAuts
     D:2: 1135 daAuts
     D:3: 976 daAuts
     D:5: 823 daAuts
     D:1: 684 daAuts
